 Dungeon Crawl Stone Soup version 0.29.0-15-g675c0067aa (webtiles) character file.

Game seed: 18282177623086643366

238 qw the Chopper (level 6, -13/38 HPs)
             Began as a Gargoyle Fighter on Sept 12, 2022.
             Mangled by a wyvern (14 damage)
             ... on level 4 of the Dungeon.
             The game lasted 00:00:56 (3239 turns).

qw the Chopper (Gargoyle Fighter)                   Turns: 3239, Time: 00:00:57

Health: -13/38     AC: 13    Str: 22    XL:     6   Next: 7%
Magic:  6/6        EV:  7    Int:  8    God:
Gold:   174        SH:  4    Dex:  9    Spells: 5/5 levels left

rFire   . . .      SeeInvis .   Y - +0 war axe
rCold   . . .      Faith    .   c - +0 buckler
rNeg    + . .      Spirit   .   e - +0 chain mail
rPois   inf        Reflect  .   (no helmet)
rElec   +          Harm     .   (no cloak)
rCorr   .          Rampage  .   (no gloves)
Will    .....                   (no boots)
Stlth   ..........              (no amulet)
HPRegen 0.12/turn               (no ring)
MPRegen 0.10/turn               (no ring)

@: no status effects
A: sickness immunity, AC +4, negative energy resistance 1, electricity
resistance, torment resistance 1, petrification resistance
a: no special abilities


You were on level 4 of the Dungeon.
You visited 1 branch of the dungeon, and saw 4 of its levels.

You collected 200 gold pieces.
You spent 26 gold pieces at shops.


Innate Abilities, Weirdness & Mutations

You are immune to sickness and miasma.
Your stone body is resilient. (AC +4)
You are immune to poison.
You resist negative energy. (rN+)
You are resistant to electric shocks. (rElec)
You are resistant to unholy torment.
You are immune to petrification.


   Skills:
 - Level 4.2 Fighting
 + Level 5.1 Axes
 - Level 3.2 Armour
 - Level 3.2 Shields


You had 5 spell levels left.
You didn't know any spells.
Your spell library was empty.

Inventory:

Hand Weapons
 i - a +0 flail
 Y - a +0 war axe (weapon)
Missiles
 j - 5 boomerangs (quivered)
Armour
 c - a +0 buckler (worn)
 e - a +0 chain mail (worn)
Scrolls
 a - 2 scrolls of identify
Potions
 d - a potion of might
 f - a potion of flight {unknown}
 g - a potion of attraction
 l - a potion of lignification {unknown}
 p - a potion of curing

Dungeon Overview and Level Annotations

Branches:
Dungeon (4/15)
 Temple: D:4-7

Altars:
Elyvilon

Shops:
D:1 *


Message History

You resist with some effort.
You slash the wyvern!
The wyvern is moderately wounded.
You hit the endoplasm but do no damage.
You hit the orc wizard but do no damage.
You miss something. The wyvern barely misses you.
The wyvern closely misses you. You block the endoplasm's attack.
You closely miss the wyvern.
The wyvern is moderately wounded.
You miss something.
You hit the orc wizard but do no damage.
You hit the endoplasm but do no damage. The wyvern bites you.
The wyvern closely misses you. The orc wizard casts a spell at you.
The puff of flame hits you but does no damage.
The endoplasm freezes you.
You are frozen.
You barely miss the wyvern.
The wyvern is moderately wounded.
You barely miss the orc wizard. You hit the endoplasm.
You closely miss something. The wyvern closely misses you. Something hits you.
The endoplasm freezes you.
You are frozen.
The orc wizard hits you with a +0 dagger.
You block the wyvern's attack.
The orc wizard hits you but does no damage.
The endoplasm freezes you.
You are frozen.
Something hits you but does no damage.
You hit the endoplasm.
You kill the endoplasm!
You closely miss something. You barely miss the wyvern. You hit the orc wizard.
You block the wyvern's attack. The wyvern bites you. Something hits you.
The orc wizard hits you with a +0 dagger.
You hit the wyvern.
The wyvern is heavily wounded.
You hit something but do no damage. You closely miss the orc wizard.
The wyvern bites you!
You die...

#. ##..## ##.
###.##...########.#
#.................#
#.#...###########
##......##
..........#
..........#
.##.......#
##....@## #...lo#
#.....o. #.......#
>........#
###....... ##...###
####


You could see a wyvern, an orc wizard and an orc.

Vanquished Creatures
  A hound (D:4)
  3 orc wizards
  6 adders
  2 worms
  3 dart slugs
  15 orcs
  8 endoplasms
  5 hobgoblins
  A quokka (D:2)
  5 ball pythons
  3 bats
  A frilled lizard (D:3)
  2 kobolds (D:2)
  4 rats
59 creatures vanquished.

Vanquished Creatures (others)
  A worm (D:4)
  2 demonic plants (D:3)
  A withered plant (D:3)
4 creatures vanquished.

Grand Total: 63 creatures vanquished

Notes
Turn   | Place    | Note
-------+----------+-------------------------------------------
     0 | D:1      | qw the Gargoyle Fighter began the quest for the Orb.
     0 | D:1      | Reached XP level 1. HP: 14/14 MP: 1/1
     0 | D:1      | 0 ||| qw: Version: 0.1-a-119-g272c26d
     0 | D:1      | 0 ||| qw: Game counter: 11040
     0 | D:1      | 0 ||| qw: Always use a shield: true
     0 | D:1      | 0 ||| qw: God list: Okawaru
     0 | D:1      | 0 ||| qw: Allow faded altars: false
     0 | D:1      | 0 ||| qw: Do Orc after D:15 true
     0 | D:1      | 0 ||| qw: Do second Lair branch before Depths: true
     0 | D:1      | 0 ||| qw: Lair rune preference: random
     0 | D:1      | 0 ||| qw: Plans: Normal, Zot, God:TSO, Crypt, Tomb, Pan,
                  | Slime, Hells, Zig, Abyss, Orb
     0 | D:1      | 0 ||| PLANNING D:1-11
   121 | D:1      | Found Cefenocu's Assorted Antiques.
   133 | D:1      | 133 ||| SHOPLISTING 2 pink potions (46 gold, have 31).
   133 | D:1      | 133 ||| BUYING scroll labelled IKALLE CAN WUIHO (26 gold).
   133 | D:1      | Bought a scroll labelled IKALLE CAN WUIHO for 26 gold
                  | pieces
   133 | D:1      | 133 ||| SHOPLISTING scroll labelled VUUM XAAR KEY (26 gold,
                  | have 5).
   133 | D:1      | 133 ||| SHOPLISTING viscous ruby potion (23 gold, have 5).
   219 | D:1      | Reached skill level 2 in Axes
   574 | D:1      | 574 ||| UPGRADING to +0 chain mail.
   584 | D:1      | 584 ||| DROPPING +0 scale mail.
   585 | D:1      | 585 ||| READING 3 scrolls labelled JANEPOIDOLL.
   586 | D:1      | 586 ||| READING scroll labelled DIOVALLIUMU.
   587 | D:1      | 587 ||| READING scroll labelled IKALLE CAN WUIHO.
   688 | D:1      | 688 ||| READING scroll labelled FUFIRCH PIJI.
   689 | D:1      | 689 ||| READING scroll labelled FEBOB WEIMYCK.
   690 | D:1      | 690 ||| READING scroll labelled INIRUF KOCS.
   691 | D:1      | 691 ||| READING 2 scrolls of identify.
   691 | D:1      | 691 ||| IDENTIFYING fizzy clear potion
   746 | D:2      | 746 ||| STAIRDANCE
   750 | D:1      | Reached XP level 2. HP: 17/19 MP: 2/2
   838 | D:2      | 838 ||| Stepping ~*~*~tactically~*~*~ (stealth).
   839 | D:2      | 839 ||| Stepping ~*~*~tactically~*~*~ (stealth).
   840 | D:2      | 840 ||| Stepping ~*~*~tactically~*~*~ (stealth).
   875 | D:2      | Reached skill level 3 in Axes
   955 | D:2      | Reached XP level 3. HP: 22/23 MP: 3/3
  1490 | D:2      | 1490 ||| DROPPING orb of wrath.
  1491 | D:2      | 1491 ||| DRINKING 2 pink potions.
  1673 | D:3      | 1673 ||| Stepping ~*~*~tactically~*~*~ (hiding).
  1684 | D:3      | Reached skill level 4 in Axes
  1684 | D:3      | Reached XP level 4. HP: 27/28 MP: 4/4
  1693 | D:3      | 1693 ||| Stepping ~*~*~tactically~*~*~ (stealth).
  1923 | D:3      | Reached XP level 5. HP: 28/32 MP: 5/5
  2028 | D:3      | Found a faded altar of an unknown god.
  2059 | D:3      | 2059 ||| Stepping ~*~*~tactically~*~*~ (stealth).
  2063 | D:3      | 2063 ||| Stepping ~*~*~tactically~*~*~ (stealth).
  2073 | D:3      | 2073 ||| Stepping ~*~*~tactically~*~*~ (stealth).
  2123 | D:3      | 2123 ||| Stepping ~*~*~tactically~*~*~ (stealth).
  2124 | D:3      | 2124 ||| Stepping ~*~*~tactically~*~*~ (stealth).
  2126 | D:3      | 2126 ||| Stepping ~*~*~tactically~*~*~ (stealth).
  2129 | D:3      | 2129 ||| Stepping ~*~*~tactically~*~*~ (stealth).
  2132 | D:3      | 2132 ||| DROPPING +0 mace.
  2214 | D:3      | Found a white marble altar of Elyvilon.
  2330 | D:3      | 2330 ||| Stepping ~*~*~tactically~*~*~ (hiding).
  2632 | D:3      | 2632 ||| Stepping ~*~*~tactically~*~*~ (stealth).
  2650 | D:3      | Reached skill level 5 in Axes
  2825 | D:3      | 2825 ||| READING scroll labelled PUOHOA SYIS.
  2826 | D:3      | 2826 ||| DRINKING 2 viscous ruby potions.
  2936 | D:4      | 2936 ||| Stepping ~*~*~tactically~*~*~ (stealth).
  2937 | D:4      | 2937 ||| Stepping ~*~*~tactically~*~*~ (stealth).
  2938 | D:4      | 2938 ||| Stepping ~*~*~tactically~*~*~ (stealth).
  2941 | D:4      | 2941 ||| Stepping ~*~*~tactically~*~*~ (stealth).
  2946 | D:4      | 2946 ||| Stepping ~*~*~tactically~*~*~ (stealth).
  2947 | D:4      | 2947 ||| Stepping ~*~*~tactically~*~*~ (stealth).
  2964 | D:4      | Reached XP level 6. HP: 33/38 MP: 6/6
  2964 | D:4      | 2964 ||| Stepping ~*~*~tactically~*~*~ (stealth).
  3228 | D:4      | Noticed a wyvern
  3233 | D:4      | HP: 7/38 [orc wizard/puff of flame (5)]
  3234 | D:4      | 3234 ||| DRINKING potion of heal wounds.
  3238 | D:4      | HP: 7/38 [wyvern (1)]
  3238 | D:4      | HP: 1/38 [orc wizard/+0 dagger (4)]
  3239 | D:4      | Mangled by a wyvern

Levels and vault maps discovered:
D:1:      dpeg_arrival_signposts, layout_basic, serial_shops, shop,
          nicolae_concentric_dashed_squares_wild, minmay_misc_feat_iff
D:2:      layout_loops_ring
D:3:      layout_basic, elyvilon_altar_3, shapermc_ecumenical_altar_gd
D:4:      layout_rooms, lemuel_flame_loot_1

Skill      XL: |  1  2  3  4  5 |
---------------+----------------+-----
Axes           | 2 3 4 5 |  5.1
Fighting       | 4 |  4.2
Armour         | |  3.2
Shields        | |  3.2

Action                   |  1- 3 |  4- 6 || total
-------------------------+-------+-------++-------
Melee: War axe           |    58 |   113 ||   171
Throw: Boomerang         |    24 |    33 ||    57
  Use: Scroll            |     7 |     1 ||     8
       Potion            |     1 |     2 ||     3
Armor: Chain mail        |    27 |    67 ||    94
       Scale mail        |     1 |       ||     1
Dodge: Dodged            |    22 |    40 ||    62
Block: Buckler           |    13 |    27 ||    40

Table legend:
 A = Non-vault XP
 B = Vault XP
 C = Vault XP percentage of total XP
 D = Non-vault monster count
 E = Vault monster count
 F = Vault count percentage of total count
                 A         B        C        D         E       F
            +---------+---------+-------+---------+---------+-------
      Total |     341 |       0 |   0.0 |      60 |       0 |   0.0
            +---------+---------+-------+---------+---------+-------
        D:1 |      18 |       0 |   0.0 |       5 |       0 |   0.0
        D:2 |      47 |       0 |   0.0 |      18 |       0 |   0.0
        D:3 |     164 |       0 |   0.0 |      25 |       0 |   0.0
        D:4 |     112 |       0 |   0.0 |      12 |       0 |   0.0
            +---------+---------+-------+---------+---------+-------
